 Dungeon Sprint DCSS version 0.17-a0-2024-gc284f19 (webtiles) character file.

1710 Ordine the Imperceptible (level 8, 8/36 HPs)
             Began as a Spriggan Enchanter on Oct 10, 2015.
             Was a Follower of Dithmenos.
             Quit the game in the Dungeon (Sprint I: "Red Sonja").
             The game lasted 00:04:30 (708 turns).

Ordine the Imperceptible (Spriggan Enchanter)        Turns: 708, Time: 00:04:30

Health: 8/36       AC:  3    Str:  4    XL:     8   Next: 74%
Magic:  0/13       EV: 18    Int: 19    God:    Dithmenos [*.....]
Gold:   648        SH:  0    Dex: 16    Spells: 4 memorised, 3 levels left

rFire  . . .     SeeInvis +     a - +2 dagger
rCold  . . .     Clarity  .     b - +1 robe
rNeg   . . .     SustAt   +     (shield restricted)
rPois  .         Gourm    .     (helmet restricted)
rElec  .         Spirit   .     (no cloak)
rCorr  .         Warding  .     (gloves unavailable)
rMut   .         NoTele   +     (boots unavailable)
MR     +....                    (no amulet)
Stlth  ++++++++++               (no ring)
                                l - ring of sustain attributes

@: very slightly contaminated, wreathed by umbra, very quick, somewhat resistant
to hostile enchantments, uncannily stealthy
A: unfitting armour, see invisible, herbivore 3, speed 3, slow metabolism 2
a: Renounce Religion


You were in the Dungeon.
You worshipped Dithmenos.
Dithmenos was aware of your devotion.
You were not hungry.

You visited 1 branch You collected 810 gold pieces.
You spent 162 gold pieces at shops.

Inventory:

Hand Weapons
 a - a +2 dagger (weapon)
Armour
 b - a +1 robe (worn)
Jewellery
 l - a ring of sustain attributes (left hand)
Wands
 f - a wand of magic darts (30)
Scrolls
 j - a scroll of blinking
 m - 2 scrolls of identify
Potions
 e - 3 potions of curing
 g - a potion of haste
 h - 2 potions of magic
 i - a potion of berserk rage
Comestibles
 c - 2 fruits
 d - a bread ration


   Skills:
 - Level 1.1 Short Blades
 - Level 3.0 Dodging
 + Level 25.8 Stealth
 - Level 2.6 Spellcasting
 - Level 3.6 Hexes


You had 3 spell levels left.
You knew the following spells:

 Your Spells              Type           Power        Failure   Level  Hunger
a - Corona                Hex            ###....      4%          1    None
b - Ensorcelled Hibernat  Hex/Ice        #.....       14%         2    ##.....
c - Confuse               Hex            ###.....     12%         3    ###....
d - Dazzling Spray        Conj/Hex       #.......     28%         3    ###....


Dungeon Overview and Level Annotations

Branches:
Dungeon (1/1)

Altars:
Cheibriados
Dithmenos
Elyvilon
Fedhas
Gozag
Kikubaaqudgha
Makhleb
Nemelex Xobeh
Okawaru
Qazlal
Ru
Sif Muna
Trog
Vehumet
Xom
Yredelemnul
Zin
The Shining One
Jiyva

Shops:
D *[[


Innate Abilities, Weirdness & Mutations

You are tiny and cannot use many weapons and most armour.
You have supernaturally acute eyesight.
You are a herbivore.
You cover ground extremely quickly.
You need consume almost no food.


Message History

The centaur warrior easily resists.
The centaur warrior misses you. The centaur warrior closely misses you.
The centaur warrior misses you. The centaur warrior misses you.
Casting: Confuse
Confirm with . or Enter, or press ? or * to list all spells.
Aiming: Confuse
Press: ? - help, Shift-Dir - straight line, f/p - centaur warrior
Aim: a centaur warrior (purple smoke, umbra, chance to defeat MR: 29%)
You miscast Confuse.
Your skin tingles.
The centaur warrior barely misses you. The centaur warrior misses you.
Casting: Confuse
Confirm with . or Enter, or press ? or * to list all spells.
Aiming: Confuse
Press: ? - help, Shift-Dir - straight line, f/p - centaur warrior
Aim: a centaur warrior (purple smoke, umbra, chance to defeat MR: 29%)
The centaur warrior easily resists.
The centaur warrior hits you. The centaur warrior closely misses you.
The centaur warrior hits you! The centaur warrior hits you.
* * * LOW HITPOINT WARNING * * *
Are you sure you want to abandon this character and quit the game? (Confirm with "yes".)

###################
#.)'..#.)'..#__#..+
'..#.)'..#..'^.'..#
#####'#####'#__####
####..#...#[####§§#
#__####..##(#≈≈§§c#
#_..__##'#..'≈≈§@§+
#_.∩...'..._#≈≈≈§c#
#_..._##_.#'##+####
#_____###'#.# ###
#########.####+###.##
.......'...'..†..'.∩#
++++####.).##########
###.### #.#'#§#


You could see 2 centaur warriors.

Vanquished Creatures
  Sonja (D)
  A deep troll (D)
  A slime creature (D)
  Sigmund (D)
  A yak (D)
  An ogre (D)
  A jelly (D)
  Ijyb (D)
  3 ballistomycetes (D)
  A giant spore (D)
12 creatures vanquished.

Vanquished Creatures (others)
  A gargoyle (D)
  A giant spore (D)
2 creatures vanquished.

Grand Total: 14 creatures vanquished

Notes
Turn   | Place    | Note
--------------------------------------------------------------
     0 | D        | Ordine the Spriggan Enchanter began the quest for the Orb.
     0 | D        | Reached XP level 1. HP: 9/9 MP: 5/5
     2 | D        | Noticed Ijyb
    10 | D        | Killed Ijyb
    10 | D        | Reached skill level 10 in Stealth
    10 | D        | Reached XP level 2. HP: 2/13 MP: 6/6
   251 | D        | Killed a gargoyle
   385 | D        | Noticed an ogre
   388 | D        | Killed an ogre
   388 | D        | Reached skill level 14 in Stealth
   388 | D        | Reached XP level 3. HP: 16/16 MP: 8/8
   388 | D        | Reached XP level 4. HP: 21/21 MP: 9/9
   392 | D        | Learned a level 2 spell: Ensorcelled Hibernation
   396 | D        | Learned a level 3 spell: Confuse
   407 | D        | Noticed Sigmund
   410 | D        | Killed Sigmund
   410 | D        | Reached skill level 18 in Stealth
   410 | D        | Reached XP level 5. HP: 24/24 MP: 10/10
   410 | D        | Reached XP level 6. HP: 28/28 MP: 11/11
   424 | D        | Found a snail-covered altar of Cheibriados.
   424 | D        | Found a viscous altar of Jiyva.
   424 | D        | Found a shadowy altar of Dithmenos.
   424 | D        | Found a blossoming altar of Fedhas.
   424 | D        | Noticed a slime creature
   427 | D        | Killed a slime creature
   427 | D        | Reached skill level 20 in Stealth
   433 | D        | Became a worshipper of Dithmenos the Shadowed
   437 | D        | Found a deep blue altar of Sif Muna.
   438 | D        | Noticed a jelly
   439 | D        | Found a radiant altar of Vehumet.
   443 | D        | Killed a jelly
   464 | D        | Found Moihomih's Armour Emporium.
   464 | D        | Found a white marble altar of Elyvilon.
   464 | D        | Found a stormy altar of Qazlal.
   464 | D        | Found a burning altar of Makhleb.
   464 | D        | Found a sacrificial altar of Ru.
   464 | D        | Found a basalt altar of Yredelemnul.
   464 | D        | Found a glowing golden altar of the Shining One.
   464 | D        | Found a sparkling altar of Nemelex Xobeh.
   464 | D        | Found a shimmering altar of Xom.
   464 | D        | Found an opulent altar of Gozag.
   464 | D        | Found an ancient bone altar of Kikubaaqudgha.
   464 | D        | Found a glowing silver altar of Zin.
   464 | D        | Noticed a yak
   465 | D        | Found an iron altar of Okawaru.
   466 | D        | Killed a yak
   466 | D        | Reached skill level 21 in Stealth
   466 | D        | Reached XP level 7. HP: 32/32 MP: 12/12
   467 | D        | Found a bloodstained altar of Trog.
   492 | D        | Noticed Sonja
   496 | D        | Killed Sonja
   496 | D        | Reached skill level 24 in Stealth
   496 | D        | Reached XP level 8. HP: 36/36 MP: 13/13
   513 | D        | Found Acziut's Assorted Antiques.
   521 | D        | Bought a small gilded ring for 90 gold pieces
   521 | D        | Bought 3 scrolls labeled MEEXIE JOL MOAT for 54 gold pieces
   523 | D        | Bought a scroll labeled RAFOLE JUHULE for 18 gold pieces
   528 | D        | Learned a level 3 spell: Dazzling Spray
   625 | D        | Noticed a deep troll
   629 | D        | Killed a deep troll
   629 | D        | Reached skill level 25 in Stealth
   639 | D        | Found Dynir's Armour Emporium.
   696 | D        | Noticed a centaur warrior
   696 | D        | Noticed a centaur warrior
   708 | D        | Quit the game

Vault maps used:
D:        dungeon_sprint_1

Action                   |  1- 3 |  4- 6 |  7- 9 || total
-------------------------+-------+-------+-------++-------
Melee: Dagger            |     6 |     4 |    39 ||    49
Throw: Stone             |       |       |     1 ||     1
 Cast: Ensorcelled Hiber |       |     1 |     1 ||     2
       Confuse           |       |       |     2 ||     2
  Use: Potion            |     1 |       |       ||     1
       Scroll            |       |       |     4 ||     4
 Stab: Sleeping          |     2 |     4 |     2 ||     8
